 Dungeon Crawl Stone Soup version 0.21-a0-274-gc1afaeb (webtiles) character file.

5422 nikopol the Thaumaturge (level 10, -7/52 HPs)
             Began as a Deep Elf Fire Elementalist on Sept 18, 2017.
             Was an Elder of Vehumet.
             Mangled by a hornet (17 damage)
             ... while paralysed by a hornet
             ... on level 9 of the Dungeon.
             The game lasted 00:34:46 (11264 turns).

nikopol the Thaumaturge (DEFE)                     Turns: 11264, Time: 00:34:47

Health: -7/52      AC:  3    Str:  5    XL:     10   Next: 40%
Magic:  2/28       EV:  2    Int: 24    God:    Vehumet [****..]
Gold:   527        SH:  0    Dex: 15    Spells: 22/34 levels left

rFire    . . .     SeeInvis .   t - +2 short sword (speed)
rCold    . . .     Gourm    .   (no shield)
rNeg     . . .     Faith    .   x - +0 robe (curse)
rPois    .         Spirit   .   u - +0 helmet
rElec    .         Reflect  .   (no cloak)
rCorr    .         Harm     .   (no gloves)
MR       ++...                  (no boots)
Stlth    +++.......             N - amulet of regeneration
HPRegen  0.57/turn              o - ring of protection from magic
MPRegen  0.21/turn              v - +1 ring of slaying

@: paralysed, lethally poisoned (-7 -> -21)
A: no striking features
a: Renounce Religion


You were on level 9 of the Dungeon.
You worshipped Vehumet.
Vehumet was greatly pleased with you.
You were near starving.

You visited 1 branch of the dungeon, and saw 9 of its levels.

You collected 527 gold pieces.

Inventory:

Hand Weapons
 t - a +2 short sword of speed (weapon)
Armour
 a - a +0 robe
 u - a +0 helmet (worn)
 x - a cursed +0 robe (worn)
Jewellery
 o - a ring of protection from magic (left hand)
 v - a +1 ring of slaying (right hand)
 N - an amulet of regeneration (around neck)
Wands
 s - a wand of confusion (20/48)
 y - a wand of iceblast (6/15)
 B - a wand of digging (14/24)
 D - a wand of disintegration (8/24)
 I - a wand of flame (14/48)
 J - a wand of lightning (5/15)
 K - a wand of disintegration (14/24)
 L - a wand of clouds (2/9)
Scrolls
 g - 6 scrolls of identify {unknown}
 k - 5 scrolls of teleportation {unknown}
 l - 6 scrolls of remove curse {unknown}
 r - 4 scrolls of enchant armour {unknown}
 w - 3 scrolls of immolation {unknown}
 F - 2 scrolls of recharging {unknown}
 G - a scroll of blinking {unknown}
 M - a scroll of brand weapon {unknown}
 P - a scroll of enchant weapon {unknown}
 Q - a scroll of magic mapping {unknown}
 R - 2 scrolls of noise {unknown}
Potions
 e - 2 potions of might {unknown}
 f - 5 potions of heal wounds {unknown}
 i - 3 potions of curing {unknown}
 n - 2 potions of degeneration {unknown}
 p - 2 potions of ambrosia {unknown}
 q - 3 potions of magic {unknown}
 z - 2 potions of brilliance {unknown}
 A - a potion of haste {unknown}
 C - a potion of mutation {unknown}
 H - a potion of resistance {unknown}
Books
 b - a book of Flames

   Spells                             Type                      Level
   a - Flame Tongue                   Conjuration/Fire             1
   b - Throw Flame                    Conjuration/Fire             2
   c - Conjure Flame                  Conjuration/Fire             3
   d - Inner Flame                    Hexes/Fire                   3
   e - Sticky Flame                   Conjuration/Fire             4
   f - Fireball                       Conjuration/Fire             5
Comestibles
 c - 8 bread rations
 d - 3 royal jellies
 j - 3 meat rations
 E - 4 fruits


   Skills:
 + Level 1.1 Fighting
 + Level 0.4 Short Blades
 + Level 4.2 Dodging
 + Level 4.1 Stealth
 + Level 12.6 Spellcasting
 + Level 9.0 Conjurations
 + Level 9.3 Fire Magic


You had 22 spell levels left.
You knew the following spells:

 Your Spells              Type           Power        Failure   Level  Hunger
a - Flame Tongue          Conj/Fire      #####        1%          1    None
b - Throw Flame           Conj/Fire      ######       1%          2    None
c - Conjure Flame         Conj/Fire      ######..     1%          3    None
d - Fireball              Conj/Fire      ######....   1%          5    ###....
e - Magic Dart            Conj           ####         1%          1    None


Dungeon Overview and Level Annotations

Branches:
Dungeon (9/15)             Temple (0/1) D:4
   Lair: D:8-11         Orc: D:9-12

Altars:
Cheibriados
Makhleb
Nemelex Xobeh
Qazlal
Ru
Vehumet
Zin


Message History

The hornet is heavily wounded.
You feel yourself speed up.
You feel sick. The hornet closely misses you. The hornet stings you!
You are more poisoned.
You feel yourself slow down.
Casting: Flame Tongue
Confirm with . or Enter, or press ? or * to list all spells.
Aiming: Flame Tongue
Press: ? - help, Shift-Dir - straight line, f/p - hornet
Aim: a hornet (heavily wounded)
The flame tongue hits the hornet.
The hornet is almost dead.
You feel sick. The hornet barely misses you. The hornet stings you!
You suddenly lose the ability to move!
You feel yourself speed up.
You feel sick. The hornet stings you!
* * * LOW HITPOINT WARNING * * *
You are lethally poisoned!
You shrug off the repeated paralysis!
The hornet stings you!
You die...

#...........#.'......'.#
#.............#......###
#...<.......###......#
#.....<.....# #......#
#...........# #......#
#...........# #......#
#...........# ####'###
#...........# #.#
#########@### #.# #y#
##.# ##.# #..# #..# #.##
#.## #.# #.# #.# #.# #.#
##.# #.# ##.># #.#


You could see a hornet.

Vanquished Creatures
  Erica (D:9)
  Pikel (D:4)
  Prince Ribbit (D:6)
  A meliai zombie (D:8)
  Sigmund (D:5)
  2 orc warriors
  A slave (D:4)
  2 sky beasts
  An ice beast (D:6)
  A black bear (D:8)
  4 phantoms
  2 ogres (D:8)
  3 centaurs
  4 bullfrogs
  A wyvern skeleton (D:7)
  2 scorpions
  5 killer bees (D:7)
  4 wights (D:8)
  A howler monkey (D:8)
  5 crimson imps
  2 centaur zombies
  A hound (D:7)
  A quasit (D:9)
  2 bullfrog zombies
  5 jellies
  9 orc wizards
  7 orc priests
  A centaur skeleton (D:8)
  6 worker ants
  Ijyb (D:4)
  A hound zombie (D:6)
  2 hound skeletons
  A mummy (D:5)
  A worker ant zombie (D:8)
  Robin (D:3)
  8 gnolls
  A howler monkey skeleton (D:5)
  7 adders
  A shadow imp (D:8)
  9 oozes
  An adder skeleton (D:9)
  2 worms
  2 dart slugs (D:1)
  5 leopard geckos
  33 orcs
  5 giant cockroaches
  18 goblins
  8 hobgoblins
  19 jackals
  3 quokkas
  3 ball pythons
  A bat (D:2)
  6 frilled lizards
  12 kobolds
  5 rats
233 creatures vanquished.

Vanquished Creatures (others)
  An adder (D:9)
  7 fungi (D:2)
  7 toadstools (D:2)
15 creatures vanquished.

Grand Total: 248 creatures vanquished

Notes
Turn   | Place    | Note
-------+----------+-------------------------------------------
     0 | D:1      | nikopol the Deep Elf Fire Elementalist began the quest for the Orb.
     0 | D:1      | Reached XP level 1. HP: 10/10 MP: 6/6
   101 | D:1      | Reached XP level 2. HP: 9/15 MP: 5/8
   543 | D:1      | Reached XP level 3. HP: 6/19 MP: 0/10
  1073 | D:2      | Learned a level 2 spell: Throw Flame
  1077 | D:2      | Learned a level 3 spell: Conjure Flame
  1125 | D:2      | Reached skill level 4 in Spellcasting
  1449 | D:2      | Reached XP level 4. HP: 23/24 MP: 6/12
  1745 | D:2      | Found a burning altar of Makhleb.
  1745 | D:2      | Found a radiant altar of Vehumet.
  1748 | D:2      | Became a worshipper of Vehumet
  1803 | D:2      | Reached XP level 5. HP: 28/28 MP: 9/13
  1989 | D:2      | Reached skill level 5 in Spellcasting
  2549 | D:3      | Noticed Robin
  2557 | D:3      | Reached * piety under Vehumet
  2557 | D:3      | Offered knowledge of Shock by Vehumet.
  2739 | D:3      | Killed Robin
  2757 | D:3      | Reached XP level 6. HP: 32/32 MP: 6/16
  3353 | D:4      | Found a staircase to the Ecumenical Temple.
  3382 | D:4      | Noticed Ijyb
  3385 | D:4      | Offered knowledge of Magic Dart by Vehumet.
  3387 | D:4      | Killed Ijyb
  3387 | D:4      | Reached skill level 6 in Spellcasting
  3405 | D:4      | Reached ** piety under Vehumet
  3515 | D:4      | Reached skill level 5 in Fire Magic
  3515 | D:4      | Reached XP level 7. HP: 36/36 MP: 2/18
  4115 | D:4      | Noticed Pikel
  4129 | D:4      | Killed Pikel
  4129 | D:4      | Reached skill level 8 in Spellcasting
  4129 | D:4      | Reached skill level 5 in Conjurations
  4129 | D:4      | Reached XP level 8. HP: 41/41 MP: 5/22
  4265 | D:5      | Entered Level 5 of the Dungeon
  4323 | D:5      | Noticed Sigmund
  4339 | D:5      | Killed Sigmund
  4379 | D:5      | HP: 2/41 [centaur/arrow (9)]
  4386 | D:5      | Reached skill level 9 in Spellcasting
  5097 | D:5      | Found a snail-covered altar of Cheibriados.
  5126 | D:5      | Learned a level 1 spell: Magic Dart
  5140 | D:5      | Offered knowledge of Ignite Poison by Vehumet.
  5155 | D:5      | Learned a level 5 spell: Fireball
  6375 | D:6      | Found a stormy altar of Qazlal.
  6457 | D:6      | Reached skill level 10 in Spellcasting
  6685 | D:6      | Noticed Prince Ribbit
  6941 | D:6      | Reached XP level 9. HP: 46/46 MP: 16/25
  7495 | D:6      | Killed Prince Ribbit
  7495 | D:6      | Reached *** piety under Vehumet
  8351 | D:7      | Reached skill level 11 in Spellcasting
  9214 | D:7      | Reached skill level 1 in Fighting
  9513 | D:8      | Found the +5 demon whip "Spellbinder" {antimagic, MR+}
  9840 | D:8      | Found a sacrificial altar of Ru.
 10000 | D:8      | Found a sparkling altar of Nemelex Xobeh.
 10024 | D:8      | Offered knowledge of Fulminant Prism by Vehumet.
 10085 | D:8      | Reached XP level 10. HP: 52/52 MP: 19/27
 10180 | D:8      | Reached skill level 12 in Spellcasting
 10360 | D:8      | Found a glowing silver altar of Zin.
 10673 | D:8      | Reached **** piety under Vehumet
 11030 | D:9      | Offered knowledge of Dazzling Spray by Vehumet.
 11110 | D:9      | Noticed Erica
 11239 | D:9      | Killed Erica
 11263 | D:9      | Paralysed by a hornet for 3 turns
 11264 | D:9      | Mangled by a hornet

Vault maps used:
D:1:      dpeg_arrival_pits, st_stairs_14
D:2:      cheibrodos_fertilizer, gammafunk_temple_overflow_elements,
          kennysheep_generic_room_7
D:3:      cheibrodos_old_hovel, uniq_robin
D:4:      minmay_temple_entry_statues_fountains, uniq_ijyb, uniq_pikel
D:5:      first_bread, chei_slow_surprise, uniq_sigmund
D:6:      grunt_qazlal_clouds, uniq_prince_ribbit1
D:7:      cheibrodos_quashed
D:8:      zin_statuary, lemuel_round_altar, nemelex_xobeh_ov_fountains_minmay
D:9:      lemuel_doored_altar, lair_entry_dummy, enter_bailey_2,
          minmay_misc_feat_chi, hangedman_ranch, kennysheep_cross_bottleneck,
          lemuel_flamethrower_hall, uniq_erica

Skill      XL: |  1  2  3  4  5  6  7  8  9 10 |
---------------+-------------------------------+-----
Fire Magic     | 4 5 7 8 9 |  9.3
Spellcasting   | 4 5 6 8 10 11 12 | 12.6
Conjurations   | 2 3 4 5 6 8 9 |  9.0
Stealth        | 3 4 |  4.1
Dodging        | 3 4 |  4.2
Fighting       | 1 |  1.1
Short Blades   | |  0.4

Action                   |  1- 3 |  4- 6 |  7- 9 | 10-12 || total
-------------------------+-------+-------+-------+-------++-------
Melee: Unarmed           |     1 |       |       |       ||     1
       Short sword       |     9 |     2 |     2 |       ||    13
 Cast: Flame Tongue      |    85 |   127 |   235 |    61 ||   508
       Throw Flame       |       |     7 |    56 |     6 ||    69
       Conjure Flame     |       |     2 |     7 |     4 ||    13
       Magic Dart        |       |       |    35 |     8 ||    43
       Fireball          |       |       |    17 |     7 ||    24
  Eat: Chunk             |       |     5 |    23 |     2 ||    30
       Royal jelly       |       |     1 |       |       ||     1
Armor: Robe              |    10 |     6 |    15 |     3 ||    34
Dodge: Dodged            |    52 |    30 |    57 |    17 ||   156

Table legend:
 A = Spawn XP
 B = Non-spawn XP
 C = Spawn XP percentage of total XP
 D = Spawn monster count
 E = Non-spawn monster count
 F = Spawn count percentage of total count
 G = Total turns spent on level
                    A         B        C        D         E        F      G
               +---------+---------+-------+---------+---------+-------+---------
         Total |       0 |    7747 |   0.0 |       0 |     232 |   0.0 | 11264
               +---------+---------+-------+---------+---------+-------+---------
           D:1 |       0 |      48 |   0.0 |       0 |      25 |   0.0 |  1034
           D:2 |       0 |     238 |   0.0 |       0 |      34 |   0.0 |  1369
           D:3 |       0 |     199 |   0.0 |       0 |      42 |   0.0 |   918
           D:4 |       0 |     968 |   0.0 |       0 |      18 |   0.0 |   944
           D:5 |       0 |     979 |   0.0 |       0 |      19 |   0.0 |  2142
           D:6 |       0 |    1193 |   0.0 |       0 |      24 |   0.0 |  1942
           D:7 |       0 |    1218 |   0.0 |       0 |      32 |   0.0 |  1371
           D:8 |       0 |    1679 |   0.0 |       0 |      32 |   0.0 |  1167
           D:9 |       0 |    1225 |   0.0 |       0 |       6 |   0.0 |   377
               +---------+---------+-------+---------+---------+-------+---------
